 Dungeon Crawl Stone Soup version 0.30.0-19-g36f170ea60 (webtiles) character file.

Game seed: 12601934252532546397

3479 croobank the Caller (level 9, -14/74 HPs)
             Began as a Demigod Summoner on May 28, 2023.
             Demolished by a two-headed ogre
             ... wielding a +0 giant club
              (23 damage)
             ... on level 8 of the Dungeon on May 29, 2023.
             The game lasted 00:32:19 (8710 turns).

croobank the Caller (Demigod Summoner)              Turns: 8710, Time: 00:32:19

Health: -14/74     AC: 11    Str:  9    XL:     9   Next: 50%
Magic:  8/20       EV: 15    Int: 29    God:
Gold:   494        SH:  0    Dex: 17    Spells: 5/18 levels left

rFire   + . .        a - +2 dagger
rCold   . . .        (no shield)
rNeg    . . .        c - +0 robe of Uhaax {rF+ rCorr Dex+3}
rPois   +            E - +0 helmet
rElec   .            y - +1 cloak
rCorr   +            (no gloves)
SInv    .            w - +1 pair of boots
Will    .....        (no amulet)
Stlth   ++           h - +4 ring of protection
HPRegen 0.32/turn    p - ring of poison resistance
MPRegen 0.17/turn

%: no passive effects
@: mighty, mesmerised
A: high MP 1, forlorn, divine attributes
a: no special abilities


You were on level 8 of the Dungeon.
You visited 1 branch of the dungeon, and saw 8 of its levels.

You collected 494 gold pieces.

Inventory:

Hand Weapons
 a - a +2 dagger (weapon)
 b - a +0 arbalest
 f - a +0 mace
 n - a +4 dire flail of holy wrath
 o - a +0 trident
 F - a +4 war axe
 I - a +0 scimitar
 M - a +1 dagger of freezing
Missiles
 i - 16 poisoned darts
Armour
 c - the +0 robe of Uhaax (worn) {rF+ rCorr Dex+3}
   (You found it on level 3 of the Dungeon)

   Dex:       It affects your dexterity (+3).
   rF:        It protects you from fire.
   rCorr:     It protects you from acid and corrosion.
 t - a +3 leather armour
 w - a +1 pair of boots (worn)
 y - a +1 cloak (worn)
 E - a +0 helmet (worn)
 H - a +0 buckler
 R - +0 steam dragon scales
Jewellery
 h - a +4 ring of protection (left hand)
 p - a ring of poison resistance (right hand)
 J - a +4 ring of protection
 N - a ring of wizardry
 Q - a ring of resist corrosion
Wands
 q - a wand of flame (23)
 x - a wand of polymorph (12)
 C - a wand of paralysis (4)
Scrolls
 e - a scroll of blinking
 j - 3 scrolls of poison
 v - 2 scrolls of enchant weapon
 G - a scroll of immolation
 K - a scroll of acquirement {unknown}
 L - a scroll of amnesia {unknown}
 O - 2 scrolls of teleportation
 P - a scroll of fear {unknown}
 S - 2 scrolls of vulnerability
Potions
 g - a potion of resistance {unknown}
 k - 5 potions of curing
 l - 2 potions of magic
 m - a potion of flight
 r - a potion of invisibility {unknown}
 s - 2 potions of brilliance {unknown}
 u - 2 potions of heal wounds {unknown}
 z - 2 potions of berserk rage {unknown}
 A - 2 potions of attraction {unknown}
 B - a potion of ambrosia {unknown}
 D - a potion of haste {unknown}


   Skills:
 + Level 5.2 Fighting
 + Level 5.7 Dodging
 - Level 2.1 Stealth
 + Level 5.2 Spellcasting
 - Level 5.0 Hexes
 + Level 6.6 Summonings
 + Level 3.9 Air Magic


You had 5 spell levels left.
You knew the following spells:

 Your Spells              Type           Power      Damage    Failure   Level
a - Summon Small Mammal   Summ           100%       N/A       1%          1
b - Call Imp              Summ           92%        N/A       1%          2
c - Call Canine Familiar  Summ           46%        N/A       1%          3
d - Summon Guardian Gole  Hex/Summ       41%        N/A       1%          3
e - Summon Lightning Spi  Summ/Air       38%        N/A       7%          4

Your spell library contained the following spells:

 Spells                   Type           Power      Damage    Failure   Level
 Necrotise                Necr           28%        1d5       6%          1
 Sandblast                Erth           14%        2d6       6%          1
 Lesser Beckoning         Tloc           14%        N/A       10%         2
 Passwall                 Tmut/Erth      5%         N/A       10%         2
 Animate Armour           Summ/Erth      52%        N/A       16%         4
 Gell's Gravitas          Tloc           7%         N/A       19%         3
 Stone Arrow              Conj/Erth      14%        3d7       19%         3
 Teleport Other           Tloc           7%         N/A       19%         3
 Animate Dead             Necr           7%         N/A       52%         4
 Agony                    Necr           7%         N/A       86%         5
 Borgnjor's Vile Clutch   Necr/Erth      3%         N/A       86%         5
 Death Channel            Necr           3%         N/A       100%        6
 Infestation              Necr           3%         N/A       100%        8
 Lehudib's Crystal Spear  Conj/Erth      3%         10d3      100%        8


Dungeon Overview and Level Annotations

Branches:
Dungeon (8/15)             Temple (0/1) D:7
   Lair: D:8-11

Annotations:
D:3 1 runed translucent door, Crazy Yiuf
D:8 Maggie


Innate Abilities, Weirdness & Mutations

You have an increased reservoir of magic. (+10% MP)
You shall have no god before yourself.
Your divine heritage dramatically boosts your attributes as you level up.


Message History

The two-headed ogre hits your lightning spire with a +0 giant spiked club!
Your lightning spire is destroyed!
Your lightning spire disappears in a puff of smoke!
Your guardian golem overheats!
Casting: Summon Guardian Golem (safe; 1% risk of failure)
Confirm with . or Enter, or press ? or * to list all spells.
An electric hum fills the air.
Maggie hits you with a +0 long sword.
Okay, then.
You feel very mighty all of a sudden.
Maggie casts a spell.
Maggie draws you further into her thrall.
You puncture Maggie!
Maggie is lightly wounded.
The two-headed ogre closely misses you. The two-headed ogre misses you.
Maggie misses you. The white imp gestures at you.
The puff of frost hits you but does no damage.
The two-headed ogre attacks as you move away!
The two-headed ogre hits you with a +0 giant club!!
The two-headed ogre barely misses you. Maggie barely misses you.
The white imp gestures at you. The puff of frost hits you.
* * * LOW HITPOINT WARNING * * *
You cannot move away from Maggie!
Okay, then.
Okay, then.
You puncture Maggie!
Maggie is moderately wounded.
Maggie hits you with a +0 long sword.
* * * LOW HITPOINT WARNING * * *
The white imp hits you but does no damage.
You cannot move away from Maggie!
Aiming: Paralyse
Press: ? - help, Shift-Dir - straight line, f/p - two-headed ogre
Aim: a two-headed ogre, wielding a +0 giant club and a +0 giant spiked club (moderately wounded, ally target, chance to affect: 31%)
The two-headed ogre easily resists.
The two-headed ogre hits you with a +0 giant club.
* * * LOW HITPOINT WARNING * * *
The two-headed ogre hits you with a +0 giant spiked club!!
You die...

##..# ... ...#
../.. ...# .....#
#..# .....# #...
....###.####
###+#.......<#
#..8......####.#
#..@5..........#
####..O@)))...#####
#........9...#.#
#....#########..#
#.... #... #...
##.# #.. .# +.. #


You could see Maggie (mesmerising, ally target), a two-headed ogre (ally
target), a white imp, a friendly guardian golem (summoned, inner flame) and a
friendly lightning spire (summoned, sheltered).

Vanquished Creatures
  A steam dragon (D:7)
  A sky beast (D:6)
  A nameless horror (D:6)
  A bullfrog (D:6)
  A scorpion (D:5)
  7 electric eels (D:6)
  A jelly (D:4)
  3 hounds
  An orc wizard (D:6)
  An iguana (D:5)
  An adder (D:6)
  A shadow imp (D:7)
  A white imp (D:5)
  8 orcs
  An endoplasm (D:4)
  4 giant cockroaches
  3 goblins
  4 hobgoblins
  4 kobolds
  A quokka (D:2)
  4 ball pythons
  A bat (D:1)
  A frilled lizard (D:1)
  3 rats (D:1)
55 creatures vanquished.

Vanquished Creatures (collateral kills)
  Grinder (D:6)
  2 steam dragons
  A sky beast (D:7)
  An orc warrior (D:7)
  A black bear (D:6)
  2 centaurs
  2 phantoms
  4 scorpions
  A bullfrog (D:7)
  5 wights (D:6)
  4 howler monkeys
  5 jellies
  3 orc priests
  4 hounds
  An iguana (D:5)
  A sleepcap (D:6)
  2 orc wizards
  2 adders
  An ufetubus (D:6)
  2 worms (D:2)
  A dart slug (D:1)
  9 orcs
  7 bats
  7 endoplasms
  A giant cockroach (D:1)
  2 hobgoblins
  7 jackals
  2 quokkas
  5 ball pythons
  2 frilled lizards
  3 goblins
  7 kobolds
  5 rats
103 creatures vanquished.

Vanquished Creatures (others)
  Edmund (D:4)
  2 water moccasins
  2 adders (D:6)
  A white imp (D:7)
  An orc (D:8)
  A kobold (D:3)
8 creatures vanquished.

Grand Total: 166 creatures vanquished

Notes
Turn   | Place    | Note
-------+----------+-------------------------------------------
     0 | D:1      | croobank the Demigod Summoner began the quest for the Orb.
     0 | D:1      | Reached XP level 1. HP: 14/14 MP: 5/5
   207 | D:1      | Reached XP level 2. HP: 12/20 MP: 2/7
   235 | D:1      | Learned a level 2 spell: Call Imp
   777 | D:1      | Reached XP level 3. HP: 27/27 MP: 4/8
   781 | D:1      | Learned a level 3 spell: Call Canine Familiar
  1392 | D:2      | Reached skill level 1 in Fighting
  1868 | D:3      | Reached skill level 4 in Summonings
  2120 | D:3      | Reached XP level 4. HP: 35/35 MP: 4/10
  2193 | D:3      | Identified the +9 sling of croobank's Terror {antimagic,
                  | rC+ Int-4 Dex+3 Stlth+}
  2216 | D:3      | Noticed a steam dragon
  2571 | D:3      | Identified the +0 robe of Uhaax {rF+ rCorr Dex+3}
  2641 | D:3      | Found a runed translucent door.
  2642 | D:3      | Noticed Crazy Yiuf
  2907 | D:3      | Killed a steam dragon
  2908 | D:3      | Reached skill level 1 in Hexes
  2908 | D:3      | Reached XP level 5. HP: 32/41 MP: 1/12
  3068 | D:4      | Learned a level 3 spell: Summon Guardian Golem
  3159 | D:4      | Noticed Edmund
  3194 | D:4      | Killed Edmund
  3195 | D:4      | Reached XP level 6. HP: 49/49 MP: 2/13
  4044 | D:5      | Entered Level 5 of the Dungeon
  4154 | D:5      | Reached XP level 7. HP: 54/56 MP: 13/15
  4380 | D:5      | Reached skill level 5 in Summonings
  4526 | D:5      | Learned a level 4 spell: Summon Lightning Spire
  5304 | D:6      | Reached skill level 1 in Air Magic
  5324 | D:6      | Noticed a steam dragon
  5566 | D:6      | Reached XP level 8. HP: 51/64 MP: 12/17
  5995 | D:6      | Noticed Grinder
  6014 | D:6      | Killed Grinder
  6772 | D:6      | Reached skill level 5 in Dodging
  6797 | D:6      | Reached skill level 6 in Summonings
  6926 | D:6      | Reached XP level 9. HP: 72/72 MP: 19/19
  7860 | D:7      | Got Kikubaaqudgha's Volume of the Charnel House
  8082 | D:7      | Reached skill level 5 in Spellcasting
  8095 | D:7      | Reached skill level 5 in Fighting
  8195 | D:7      | Reached skill level 5 in Hexes
  8590 | D:7      | Found a staircase to the Ecumenical Temple.
  8691 | D:8      | Noticed Maggie
  8691 | D:8      | Noticed a two-headed ogre
  8710 | D:8      | Demolished by a two-headed ogre

Illustrated notes

Levels and vault maps discovered:
D:1:      dpeg_arrival_circle_labyrinth_b, layout_basic
D:2:      layout_rooms, basic_altar
D:3:      layout_basic, kennysheep_potato, uniq_crazy_yiuf_cottage
D:4:      layout_gridville, roderic_malta_cross, uniq_edmund
D:5:      layout_loops_cross, gammafunk_temple_overflow_claw,
          makhleb_heckhound_becter
D:6:      layout_gridville, serial_bayou, serial_bayou_shore_a,
          serial_bayou_pond_e, serial_bayou_crossing, serial_bayou_lake_a,
          serial_bayou_shore_b, uniq_grinder
D:7:      layout_loops_ring, temple_green, grunt_ministairs_10
D:8:      layout_basic, kennysheep_generic_room_9, uniq_maggie

Skill      XL: |  1  2  3  4  5  6  7  8  9 |
---------------+----------------------------+-----
Stealth        | 2 |  2.1
Dodging        | 2 3 4 5 |  5.7
Spellcasting   | 2 3 4 5 |  5.2
Fighting       | 1 2 3 4 5 |  5.2
Summonings     | 4 5 6 |  6.6
Hexes          | 1 2 3 4 5 |  5.0
Air Magic      | 1 3 |  3.9

Action                     |  1- 3 |  4- 6 |  7- 9 || total
---------------------------+-------+-------+-------++-------
  Melee: Unarmed           |    13 |       |       ||    13
         Dagger            |    61 |     7 |    93 ||   161
   Fire: Arbalest          |       |    64 |    35 ||    99
   Cast: Summon Small Mamm |    49 |    10 |    33 ||    92
         Call Imp          |    15 |     7 |    16 ||    38
         Call Canine Famil |     4 |    13 |    29 ||    46
         Summon Guardian G |       |     4 |    13 ||    17
         Summon Lightning  |       |       |    20 ||    20
  Evoke: Wand              |       |       |    13 ||    13
    Use: Scroll            |     2 |     8 |     4 ||    14
         Potion            |       |       |     2 ||     2
   Stab: Sleeping          |     7 |       |       ||     7
         Distracted        |     1 |       |     1 ||     2
         Paralysed         |       |       |     2 ||     2
 Armour: Robe              |    40 |    18 |    67 ||   125
  Dodge: Dodged            |    89 |    40 |   153 ||   282
